 Dungeon Crawl Stone Soup version 0.28-a0-1435-g82390b3a13 (webtiles) character file.

Game seed: 7528722968599346436

81 shadowrider38 the Skirmisher (level 4, -1/33 HPs)
             Began as an Octopode Wanderer on Jan 9, 2022.
             Slain by Natasha (7 damage)
             ... on level 2 of the Dungeon.
             The game lasted 00:04:06 (2141 turns).

shadowrider38 the Skirmisher (Octopode Wanderer)    Turns: 2141, Time: 00:04:06

Health: -1/33      AC:  1    Str: 11    XL:     4   Next: 40%
Magic:  5/5        EV: 13    Int: 12    God:
Gold:   71         SH:  0    Dex: 15    Spells: 4/5 levels left

rFire   . . .      SeeInvis .   a - +1 whip (drain)
rCold   . . .      Faith    .   (no shield)
rNeg    . . .      Spirit   .   c - +0 hat
rPois   .          Reflect  .   (no amulet)
rElec   .          Harm     .   (no ring)
rCorr   .          Rampage  .   (no ring)
Will    .....                   (no ring)
Stlth   +++.......              (no ring)
HPRegen 0.11/turn               (no ring)
MPRegen 0.09/turn               (no ring)
                                (no ring)
                                (no ring)

@: slowed, very slow
A: almost no armour, amphibious, 8 rings, camouflage 1, gelatinous body 1,
(nimble swimmer 1), tentacles
a: no special abilities


You were on level 2 of the Dungeon.
You visited 1 branch of the dungeon, and saw 2 of its levels.

You collected 71 gold pieces.

Inventory:

Hand Weapons
 a - a +1 whip of draining (weapon)
 f - a +0 hunting sling
Missiles
 d - 27 stones (quivered)
 e - 20 sling bullets
Armour
 c - a +0 hat (worn)
Scrolls
 b - a scroll of enchant weapon {unknown}
 g - a scroll of magic mapping {unknown}
 h - 2 scrolls of enchant armour {unknown}
 i - a scroll of noise {unknown}
 j - a scroll of teleportation {unknown}
Potions
 k - a potion of degeneration {unknown}
 l - a potion of lignification {unknown}
 m - a potion of flight {unknown}


   Skills:
 - Level 4.0 Fighting
 - Level 1.0(1.2) Slings
 - Level 1.0(1.2) Throwing
 + Level 2.2 Dodging
 - Level 1.3 Stealth
 - Level 1.0 Spellcasting
 - Level 3.0 Summonings


You had 4 spell levels left.
You knew the following spells:

 Your Spells              Type           Power      Damage    Failure   Level
a - Summon Small Mammal   Summ           28%        N/A       9%          1

Your spell library contained the following spells:

 Spells                   Type           Power      Damage    Failure   Level
 Summon Guardian Golem    Hex/Summ       4%         N/A       43%         3
 Summon Ice Beast         Ice/Summ       4%         N/A       85%         4


Dungeon Overview and Level Annotations

Branches:
Dungeon (2/15)

Altars:

Annotations:
D:2 Natasha


Innate Abilities, Weirdness & Mutations

You cannot wear most types of armour.
You are amphibious.
You can wear up to eight rings at the same time.
Your skin changes colour to match your surroundings (Stealth+).
Your rubbery body absorbs attacks. (AC +1, EV +1)
((You are camouflaged when in or above water. (Stealth+)))
You have tentacles for arms and can constrict up to eight enemies at once.


Message History

A bat is nearby!
The bat closely misses you.
You hit the bat. You drain the bat.
You kill the bat!
No target in view!
No target in view!
You start resting.
HP restored.
There is an open gate here.
Found a stone staircase leading up.
Natasha, Servant of Life and Death comes into view.
Natasha is nearby!
Natasha is nearby!
Natasha hisses angrily.
Natasha casts a spell at you.
You feel yourself slow down.
Natasha drinks a potion.
Natasha's spells are empowered!
Found 4 gold pieces.
Natasha casts a spell at you. The magic dart hits you!
You see here 12 gold pieces.
You now have 71 gold pieces (gained 12).
Natasha casts a spell at you. The magic dart hits you.
Natasha stares at you and mumbles some strange words.
You feel as though you will be slow longer.
Natasha casts a spell.
Natasha claws you.
You barely miss Natasha. Your grab misses Natasha. Natasha claws you.
The crimson imp closely misses you.
You closely miss Natasha. You grab Natasha.
You constrict Natasha, but do no damage.
Natasha casts a spell at you. The magic dart hits you!
* * * LOW HITPOINT WARNING * * *
The crimson imp blinks!
Natasha wildly gestures.
Natasha shimmers violently.
Natasha claws you!
You die...

.....#............'..
...........#...##.'..
...........######.'..
#####.......# ###♣#
#.....##.##.# ♣
#.....##.##.#.## #
#..............<
.....###h.^.......#
.....###@..........
.........§........#
####..............#
#.....##########
#....5# #.....#
#.....# #.$....
####...


You could see Natasha (empowered) and a crimson imp (summoned).

Vanquished Creatures
  Terence (D:2)
  An adder (D:2)
  2 worms (D:2)
  3 ball pythons
  3 endoplasms
  4 hobgoblins
  4 jackals (D:2)
  6 kobolds
  A quokka (D:1)
  4 bats
  3 frilled lizards
  3 goblins (D:2)
  5 rats
40 creatures vanquished.

Notes
Turn   | Place    | Note
-------+----------+-------------------------------------------
     0 | D:1      | shadowrider38 the Octopode Wanderer began the quest for the
                  | Orb.
     0 | D:1      | shadowrider38 set off with the following items: a +0
                  | hunting sling, 20 sling bullets, a +0 hat; and the
                  | following spell memorised: Summon Small Mammal; and the
                  | following spells available to memorise: Summon Guardian
                  | Golem, Summon Ice Beast
     0 | D:1      | Reached XP level 1. HP: 14/14 MP: 2/2
    88 | D:1      | Reached XP level 2. HP: 15/19 MP: 3/3
   588 | D:1      | Found a faded altar of an unknown god.
   837 | D:2      | Reached XP level 3. HP: 24/25 MP: 4/4
   848 | D:2      | Reached skill level 3 in Fighting
  1014 | D:2      | Noticed Terence
  1026 | D:2      | Killed Terence
  1219 | D:2      | Reached XP level 4. HP: 22/33 MP: 5/5
  1454 | D:2      | Reached skill level 4 in Fighting
  2131 | D:2      | Noticed Natasha
  2141 | D:2      | Slain by Natasha

Illustrated notes

Levels and vault maps discovered:
D:1:      denvon_arrival_planthouse, layout_rooms, serial_glass,
          glass_columns_b, glass_columns_a, hellmonk_ecumenical_altar_zigzags
D:2:      layout_basic, kennysheep_cluttered_room, uniq_natasha, uniq_terence

Skill      XL: |  1  2  3  4 |
---------------+-------------+-----
Dodging        | 2 |  2.2
Fighting       | 3 4 |  4.0
Slings         | |  1.0
Throwing       | |  1.0
Stealth        | |  1.3
Spellcasting   | |  1.0
Summonings     | |  3.0

Action                   |  1- 3 |  4- 6 || total
-------------------------+-------+-------++-------
Melee: Mace              |     9 |       ||     9
       Constrict         |     9 |     7 ||    16
       Whip              |    39 |    27 ||    66
       Tentacles         |     6 |     6 ||    12
 Stab: Sleeping          |     8 |     1 ||     9
Armor: Skin              |     1 |     3 ||     4
Dodge: Dodged            |    22 |    14 ||    36

Table legend: (Time is in decaauts)
 A = Elapsed time spent in this place.
 B = Non-inter-level travel time spent in this place.
 C = Inter-level travel time spent in this place.
 D = Time resting spent in this place.
 E = Time spent auto-exploring this place.
 F = Levels seen in this place.
 G = Mean time per level.
                   A        B        C        D        E       F      G
               +--------+--------+--------+--------+--------+-----+--------+
         Total |   2153 |   2132 |     21 |    855 |    965 |   2 | 1076.5 |
       Dungeon |   2153 |   2132 |     21 |    855 |    965 |   2 | 1076.5 |
               +--------+--------+--------+--------+--------+-----+--------+

Top non-repeatable levels by time:
     D:2: 1353 daAuts
     D:1: 800 daAuts
